Al, neutral male human Archeologist ( -+---- ----- |.....# ##....| #-....|# # |...|####### #|....|# #####....-# # #------# # # |...|# # ### # # ### ....|# # # # # # -.-.-# ## # ### ###### # # # ------------# ### # # # # # |..........|# #`### ### # # # # |<.........|# ### -+------+- ### # # # ## |...........# # |........|##` # # ## # # |..........| ### |.>......|# # # ########### ------------ # |........|# # # #-------# ###|........|###############-..!!!|###### #@........-# #|...!!| |d.......| #|....!| ---------- #------- Al the Digger Experience level: 1 Strength: 13 Dexterity: 11 Constitution: 13 Intelligence: 13 Wisdom: 17 Charisma: 11 Health: 0(13) Energy: 3(3) Def: 8 Gold: 357 Moves: 3506 Dungeon seed: AnHhEB0zIw-U2YCx Game ID: Al_1690319667 Your Inventory: Coins $ - 357 gold pieces Weapons a - an uncursed +2 bullwhip x - 2 uncursed +0 darts B - 5 uncursed +0 darts N - an uncursed +0 dart (in quiver) Armor n - an uncursed +0 banded mail (being worn) r - an uncursed +0 orcish helm (being worn) y - an uncursed +0 pair of low boots (being worn) Comestibles b - 6 uncursed food rations h - 2 uncursed slime molds Potions M - an uncursed potion of paralysis P - 2 uncursed potions of water Q - an uncursed potion of speed R - an uncursed potion of booze Wands i - an uncursed wand of cancellation (0:4) m - an uncursed wand of undead turning (0:3) w - an uncursed wand of sleep (0:4) Tools d - an uncursed +0 pick-axe (weapon in hand) f - an uncursed tinning kit (0:43) g - an uncursed sack l - an uncursed oil lamp (0:1338) o - an uncursed towel Gems t - an uncursed touchstone Spells and supernatural/magical abilities: Name Level Category Cost Memory W - pray for help -- divine ? -- Your skills at the end: Fighting Skills wands [Basic] Weapon Skills pick-axe [Basic] whip [Basic] Spellcasting Skills Final Attributes: You were fervently aligned. You were stealthy. You were fast. You last prayed 900 turns ago. Camaxtli was noncommittal. You are dead. Vanquished creatures: 2 small mimics a shrieker 3 coyotes a gas spore 2 large kobolds 2 giant rats a yellow mold 6 geckos 13 jackals a fox 3 kobolds 2 goblins 2 sewer rats 7 grid bugs 2 bats 5 lichens 11 newts 64 creatures vanquished. Voluntary challenges: You used a wielded weapon 3 times, starting on turn 267. You read items or engraved 6 times, starting on turn 227. You never genocided any monsters. You never polymorphed an object. You never changed form. You used no wishes. You never split a pudding. You wrote Elbereth's name 5 times, starting on turn 227. You never violated your personal moral code. Dungeon overview: The Dungeons of Doom: levels 1 to 5 Level 1 an altar to Quetzalcoatl a long staircase Level 2 some fountains, a sink Level 3 (chest) a general store, a vault Level 4 (Chest) <- You were here a potion shop, a vault Level 5 History has recorded: On T:1 you entered the Dungeons of Doom to retrieve the Amulet of Yendor! On T:592 you reached level 2 of The Dungeons of Doom. On T:952 you reached level 3 of The Dungeons of Doom. On T:1531 you reached level 4 of The Dungeons of Doom. On T:2653 you reached level 5 of The Dungeons of Doom. Score breakdown: Gold: 357 ( 8687 points) Experience: 1 level ( 0 points) Exploration: 5 levels ( 10.42%) ( 8751 points) Discoveries: 3 items ( 0.99%) ( 2990 points) Valuables value: (no points given unless you survive) Artifact value: 0 ( 0 points) Variety of kills: 17 monsters ( 4.47%) ( 6345 points) Turncount: 3506 turns ( -830 points) Survival: died (score multiplied by 80%) Total score: 20754 Latest messages: You swing your pick-axe through thin air. You displace your large dog. The large dog bites the shrieker. (2x) The large dog misses the shrieker. The large dog bites the shrieker. (2x) The large dog misses the shrieker. The large dog bites the shrieker. The shrieker is killed! You displace your large dog. There is an open door here. You see here a shrieker corpse. The large dog bites the gecko. The gecko is killed! This shrieker corpse tastes terrible! You finish eating the shrieker corpse. [3 turns] You swing your pick-axe through thin air. You kill the gas spore! You are caught in the gas spore's explosion! The sack is empty. The sack is empty. Final status: Goodbye Al the Archeologist, killed by a gas spore's explosion... You died in The Dungeons of Doom on dungeon level 4 with 20754 points, and 357 pieces of gold, after 3506 moves. You were level 1 with a maximum of 13 hit points when you died.